 Dungeon Crawl Stone Soup version 0.30.1-4-g462c640d31 (webtiles) character file.

Game seed: 11221328139646440927

627 safid the Chiller (level 7, -1/55 HPs)
             Began as a Merfolk Ice Elementalist on Sept 8, 2023.
             Slain by Menkaure (16 damage)
             ... on level 4 of the Dungeon.
             The game lasted 00:06:53 (3077 turns).

safid the Chiller (Merfolk Ice Elementalist)        Turns: 3077, Time: 00:06:54

Health: -1/55      AC:  9    Str:  8    XL:     7   Next: 47%
Magic:  6/13       EV: 12    Int: 16    God:
Gold:   198        SH:  0    Dex: 15    Spells: 8/15 levels left

rFire   . . .        t - +1 hand axe (venom)
rCold   . . .        (no shield)
rNeg    + . .        a - +0 robe
rPois   .            (no helmet)
rElec   .            (no cloak)
rCorr   .            k - +0 pair of gloves
SInv    .            (no boots)
Will    .....        j - amulet of magic regeneration
Stlth   ++           r - ring of positive energy
HPRegen 0.29/turn    (no ring)
MPRegen 0.53/turn

%: no passive effects
@: ice-armoured, freezing walls
A: (nimble swimmer 2), mertail
a: no special abilities


You were on level 4 of the Dungeon.
You visited 1 branch of the dungeon, and saw 4 of its levels.

You collected 198 gold pieces.

Inventory:

Hand Weapons
 t - a +1 hand axe of venom (weapon)
Armour
 a - a +0 robe (worn)
 k - a +0 pair of gloves (worn)
Jewellery
 j - an amulet of magic regeneration (around neck)
 r - a ring of positive energy (left hand)
Wands
 l - a wand of flame (29)
Scrolls
 b - a scroll of vulnerability {unknown}
 c - 4 scrolls of identify {unknown}
 e - a scroll of poison {unknown}
 f - 2 scrolls of fear {unknown}
 g - 4 scrolls of teleportation {unknown}
 i - a scroll of blinking {unknown}
 m - a scroll of enchant armour {unknown}
 s - a scroll of immolation {unknown}
Potions
 d - a potion of invisibility {unknown}
 h - a potion of cancellation {unknown}
 n - a potion of curing {unknown}
 o - a potion of attraction {unknown}
 q - a potion of lignification {unknown}


   Skills:
 + Level 4.7 Fighting
 - Level 2.6 Dodging
 - Level 2.1 Stealth
 + Level 4.5 Spellcasting
 + Level 6.6 Ice Magic


You had 8 spell levels left.
You knew the following spells:

 Your Spells              Type           Power      Damage    Failure   Level
a - Freeze                Ice            96%        1d10      1%          1
b - Frozen Ramparts       Ice            48%        1d8       3%          3
c - Ozocubu's Armour      Ice            24%        N/A       3%          3

Your spell library contained the following spells:

 Spells                   Type           Power      Damage    Failure   Level
 Magic Dart               Conj           12%        1d3       16%         1
 Call Imp                 Summ           6%         N/A       24%         2
 Summon Ice Beast         Ice/Summ       14%        N/A       38%         4
 Mephitic Cloud           Conj/Pois/Air  3%         N/A       43%         3


Dungeon Overview and Level Annotations

Branches:
Dungeon (4/15)
 Temple: D:4-7

Altars:
Elyvilon

Shops:
D:3 =[=

Annotations:
D:2 1 runed translucent door, Crazy Yiuf
D:4 Menkaure


Innate Abilities, Weirdness & Mutations

((You are very nimble when in or above water. (Stealth+, EV+, Speed+++)))
Your lower body shifts to a powerful aquatic tail in water.


Message History

Aim: Menkaure (moderately damaged, fast)
You freeze Menkaure.
Menkaure resists.
Menkaure is heavily damaged.
Menkaure resists.
The wall freezes Menkaure.
Menkaure points at you and mumbles some strange words.
You struggle to resist.
Casting: Freeze (safe; 1% risk of failure)
Confirm with . or Enter, or press ? or * to list all spells.
Aiming: Freeze (safe; 1% risk of failure)
Press: ? - help, Shift-Dir - straight line, f/p - Menkaure
Aim: Menkaure (heavily damaged, fast)
You freeze Menkaure.
Menkaure resists.
Menkaure is severely damaged.
Menkaure completely resists.
The wall freezes Menkaure but does no damage.
Menkaure hits you.
Menkaure resists.
The wall freezes Menkaure.
Menkaure casts a spell at you. Pain shoots through your body!
* * * LOW HITPOINT WARNING * * *
Unknown command.
Casting: Freeze (safe; 1% risk of failure)
Confirm with . or Enter, or press ? or * to list all spells.
Aiming: Freeze (safe; 1% risk of failure)
Press: ? - help, Shift-Dir - straight line, f/p - Menkaure
Aim: Menkaure (severely damaged, fast)
You freeze Menkaure.
Menkaure resists.
Menkaure is severely damaged.
Menkaure completely resists.
The wall freezes Menkaure but does no damage.
Menkaure barely misses you.
Casting: Freeze (safe; 1% risk of failure)
Confirm with . or Enter, or press ? or * to list all spells.
Aiming: Freeze (safe; 1% risk of failure)
Press: ? - help, Shift-Dir - straight line, f/p - Menkaure
Aim: Menkaure (severely damaged, fast)
You freeze Menkaure but do no damage.
Menkaure completely resists.
The wall freezes Menkaure but does no damage.
Menkaure hums in an indecipherable tongue.
Menkaure hits you!
You die...

#.# #.# #.# #.#
#.# #.# # #.#
#.#############.#
#.M@.##.........#
####.##.#########
#.##.# #....#
######


You could see Menkaure (fast).

Vanquished Creatures
  Sigmund (D:4)
  A phantom (D:3)
  A howler monkey (D:4)
  A hound (D:4)
  An orc priest (D:4)
  Jessica (D:3)
  An iguana (D:4)
  2 orc wizards (D:3)
  Natasha (twice) (D:3)
  3 adders
  A worm (D:3)
  A dart slug (D:2)
  9 orcs
  14 bats
  4 endoplasms
  6 giant cockroaches
  9 goblins
  15 hobgoblins
  9 jackals
  4 quokkas
  5 ball pythons
  3 frilled lizards
  6 kobolds
  6 rats
106 creatures vanquished.

Notes
Turn   | Place    | Note
-------+----------+-------------------------------------------
     0 | D:1      | safid the Merfolk Ice Elementalist began the quest for the
                  | Orb.
     0 | D:1      | Reached XP level 1. HP: 13/13 MP: 3/3
   267 | D:1      | Reached XP level 2. HP: 13/20 MP: 5/5
   321 | D:1      | Reached skill level 1 in Fighting
   361 | D:1      | Reached XP level 3. HP: 5/26 MP: 0/6
   604 | D:1      | Learned a level 3 spell: Frozen Ramparts
  1268 | D:2      | Found a runed translucent door.
  1269 | D:2      | Noticed Crazy Yiuf
  1384 | D:2      | Reached XP level 4. HP: 33/33 MP: 6/8
  1389 | D:2      | Reached skill level 5 in Ice Magic
  1676 | D:3      | Noticed Jessica
  1693 | D:3      | Killed Jessica
  1694 | D:3      | Reached XP level 5. HP: 23/40 MP: 7/9
  1767 | D:3      | Noticed Natasha
  1775 | D:3      | Killed Natasha
  1957 | D:3      | Found Vojiff's Jewellery Shop.
  1974 | D:3      | Found a faded altar of an unknown god.
  2013 | D:3      | Noticed a phantom
  2041 | D:3      | Killed a phantom
  2042 | D:3      | Reached XP level 6. HP: 20/47 MP: 11/11
  2157 | D:3      | Noticed Natasha
  2159 | D:3      | Found Goses's Jewellery Boutique.
  2172 | D:3      | Killed Natasha
  2410 | D:3      | Found Leetz's Antique Armour Boutique.
  2581 | D:4      | Reached skill level 6 in Ice Magic
  2585 | D:4      | Learned a level 3 spell: Ozocubu's Armour
  2643 | D:4      | Noticed Sigmund
  2657 | D:4      | Killed Sigmund
  2658 | D:4      | Reached XP level 7. HP: 45/55 MP: 6/13
  2978 | D:4      | Found a white marble altar of Elyvilon.
  3067 | D:4      | Noticed Menkaure
  3077 | D:4      | Slain by Menkaure

Illustrated notes

Levels and vault maps discovered:
D:1:      minmay_arrival_four_loops, layout_basic
D:2:      layout_rooms, uniq_crazy_yiuf_cottage
D:3:      layout_basic, shapermc_ecumenical_altar_starsandcircs, serial_shops,
          nicolae_shop_gaudy_bauble, nicolae_shop_real_fake_doors, shop_statue,
          uniq_natasha, uniq_jessica
D:4:      layout_basic, kennysheep_diamond, uniq_menkaure, uniq_ijyb,
          uniq_sigmund

Skill      XL: |  1  2  3  4  5  6 |
---------------+-------------------+-----
Fighting       | 1 2 3 4 |  4.7
Ice Magic      | 5 6 |  6.6
Spellcasting   | 3 4 |  4.5
Dodging        | |  2.6
Stealth        | |  2.1

Action                     |  1- 3 |  4- 6 |  7- 9 || total
---------------------------+-------+-------+-------++-------
  Melee: Unarmed           |    43 |       |       ||    43
         Dagger            |   100 |    71 |     3 ||   174
         Punch             |     4 |     2 |     1 ||     7
         Hand axe          |       |       |     7 ||     7
   Cast: Freeze            |    41 |    21 |    14 ||    76
         Frozen Ramparts   |       |    11 |     2 ||    13
         Ozocubu's Armour  |       |     1 |     4 ||     5
    Use: Potion            |     1 |       |       ||     1
   Stab: Sleeping          |     6 |     2 |       ||     8
 Armour: Robe              |    59 |    23 |     9 ||    91
  Dodge: Dodged            |   148 |    49 |     7 ||   204
